[Event "*** Titled Tuesday Blitz"]
[Site "Chess.com"]
[Date "2020.01.07"]
[Round "2"]
[White "karwowskikacper"]
[Black "Dhaydon19"]
[Result "1/2-1/2"]
[WhiteElo "2419"]
[BlackElo "2698"]
[TimeControl "180+2"]
[EndTime "13:29:08 PST"]
[Termination "Game drawn - insufficient material"]

1. e4 c6 2. d4 d5 3. exd5 cxd5 4. c4 Nf6 5. Nc3 e6 6. Nf3 dxc4 7. Bxc4 Be7 8. O-O a6 9. Re1 O-O 10. a3 b5 11. Bd3 Bb7 12. Ne4 Nbd7 13. Ng3 Rc8 14. Bd2 Nb6 15. Ba5 Nfd5 16. Rc1 Rxc1 17. Qxc1 Qd6 18.
Ne4 Qb8 19. Nc5 Rc8 20. Qb1 g6 21. b4 Nc3 22. Qb2 Nba4 23. Qd2 Bxf3 24. gxf3 Nd5 25.
Nxa4 bxa4 26. Bxa6 Rc3 27. Bf1 Rxa3 28. Bg2 Bxb4 29.
Bxb4 Qxb4 30. Qc1 Rc3 31. Qg5 a3 32. f4 Qxd4 33. f5 Qf6 34. Qd2 Rc5 35. fxe6 fxe6 36.
Qa2 Qc3 37. Rxe6 Qc1+ 38. Bf1 Qb2 39. Bc4 Qxa2 40. Bxa2 Kf8 41. Ra6 Nf4 42. h4 Rc1+ 43.
Kh2 Rc2 44. Rxa3 Rxf2+ 45. Kg3 Rf1 46. Rf3 Rxf3+ 47. Kxf3 Nd3 48. Bb1 Nb4 49. Kg4 Kg7 50.
h5 gxh5+ 51. Kxh5 h6 52. Bf5 Nd5 53. Bc8 Ne7 54. Bd7 Ng6 55. Ba4 Nf4+ 56. Kg4 Nd5 57. Kh4 Kf6 58. Bc6 Ne7 59. Bb7 Kg7 60. Ba8 Ng6+ 61.
Kg4 Nf8 62. Kh4 Nh7 63. Kg4 Nf6+ 64. Kh4 Kg6 65. Bf3 Nd7 66. Bd1 Nf8 67. Be2 Kf6 68. Kh5 Kg7 69. Kh4 Ne6 70. Bd1 Nd4 71. Kg4 Kg6 72. Ba4 h5+ 73. Kf4 Ne6+ 74. Ke5 Ng7 75.
Kf4 Ne6+ 76. Ke5 Nc7 77. Kd6 h4 78. Kxc7 h3 79. Bc6 h2 80. Kd6 Kg5 81. Ke5 Kh4 82.
Kf4 h1=Q 83. Bxh1 1/2-1/2

[Event "*** Titled Tuesday Blitz"]
[Site "Chess.com"]
[Date "2020.01.07"]
[Round "2"]
[White "Sanan_Sjugirov"]
[Black "SoltaniciR"]
[Result "0-1"]
[WhiteElo "2932"]
[BlackElo "2631"]
[TimeControl "180+2"]
[EndTime "13:29:10 PST"]
[Termination "SoltaniciR won by resignation"]

1. d4 Nf6 2. c4 e6 3. Nf3 b6 4.
g3 Ba6 5. Qc2 c5 6. Bg2 Nc6 7.
Qa4 Bb7 8. d5 exd5 9. cxd5 Nxd5 10. O-O Be7 11. Rd1 Nf6 12. Nc3 a6 13. Bg5 b5 14.
Qf4 Qb8 15. Qd2 O-O 16. e4 b4 17.
Bxf6 Bxf6 18. Nd5 Bd4 19. Rac1 d6 20. Nb6 Re8 21. Nxa8 Qxa8 22. Re1 a5 23. a4 Qc8 24.
Qc2 h6 25. Nd2 Ne5 26. Nb3 Nc6 27. Bf1 Qe6 28. Bc4 Qf6 29. Bd5 Bxb2 30. Rcd1 Bc3 31. Re3 Ba8 32. Bxc6 Bxc6 33. Nxa5 Ba8 34. Nc4 Bd4 35.
Re2 h5 36. Kg2 h4 37. Nb6 Bc6 38. h3 hxg3 39. fxg3 Qg6 40. Rde1 f5 41. Kh2 fxe4 42. a5 d5 43. a6 c4 44. Nxc4 Bb5 45. Rd2 Bxa6 46.
Rxd4 Bxc4 47. Rxc4 dxc4 48. Qxc4+ Qf7 49. Rxe4 Qxc4 50.
Rxc4 Rb8 51. Rc2 b3 52. Rb2 Kf7 53. h4 Ke6 54. Kh3 Kf5 55. Rf2+ Ke4 56. Rb2 Kd3 57. Kg4 Kc3 58. Rb1 b2 59. Kg5 Rb6 60. g4 Kc2 61.
Rg1 b1=Q 62. Rxb1 Kxb1 63. h5 Kc2 64. Kf5 Kd3 65. g5 Kd4 66. g6 Rb1 67. Kg5 Rg1+ 68. Kf5 Rh1 69. Ke6 Rxh5 70. Kf7 Ke5 71. Kxg7 Ke6 72.
Kf8 Rf5+ 73. Kg8 Kf6 74. g7 Rg5 75. Kh8 Kf7 0-1

[Event "*** Titled Tuesday Blitz"]
[Site "Chess.com"]
[Date "2020.01.07"]
[Round "2"]
[White "maciek_92"]
[Black "Supernotar"]
[Result "1-0"]
[WhiteElo "2806"]
[BlackElo "2553"]
[TimeControl "180+2"]
[EndTime "13:29:10 PST"]
[Termination "maciek_92 won by checkmate"]

1. e4 c6 2. d4 d5 3. e5 Bf5 4.
Nf3 e6 5. Be2 Nd7 6. O-O a6 7.
Nbd2 c5 8. c4 Ne7 9. cxd5 Nxd5 10. a4 Be7 11. Nc4 O-O 12. a5 Qc7 13. Bg5 Bxg5 14.
Nxg5 cxd4 15. Qxd4 Rac8 16. Nd6 Qc5 17. Qh4 h6 18. Nf3 Rc7 19. Nxf5 exf5 20. Bd3 Nb4 21. Bb1 Nc2 22. Bxc2 Qxc2 23. Rfe1 Qxb2 24. Rad1 Re8 25. h3 Nf8 26. Rd8 Rxd8 27. Qxd8 Rc1 28. Rxc1 Qxc1+ 29. Kh2 Qf4+ 30. Kg1 Qc1+ 31. Kh2 Qf4+ 32. Kg1 g6 33. Qc7 Qe4 34. Qd8 Kg7 35. h4 h5 36. Qf6+ Kg8 37. Ng5 Qd5 38. e6 Qd1+ 39. Kh2 Qd6+ 40. g3 fxe6 41. Qf7+ Kh8 42. Qf6+ Kg8 43. Qf7+ Kh8 44.
Kh3 Qd8 45. f4 Qd6 46. Qf6+ Kg8 47. Qf7+ Kh8 48. Qxb7 Qd5 49. Qb2+ Kg8 50. Kh2 Qxa5 51. Qf6 Qc7 52. Qxf8+ Kxf8 53. Nxe6+ Ke7 54. Nxc7 a5 55. Nb5 Ke6 56. Kg2 Kd5 57. Kf3 Kc4 58. Na3+ Kd3 59. Kf2 a4 60. Kf3 Kd2 61. Nb5 Kd3 62. Kf2 Kc4 63.
Na3+ Kb3 64. Nb1 Kb2 65. Nd2 Kc3 66. Ke3 Kc2 67. Nc4 Kd1 68. Kd4 Ke2 69. Ke5 Kf3 70. Kf6 Kxg3 71. Kg5 Kf3 72. Kxg6 Kxf4 73. Kxh5 Kg3 74.
Kg5 f4 75. h5 f3 76. h6 f2 77. Nd2 a3 78. h7 a2 79. h8=Q Kg2 80. Qa8+ Kg1 81.
Qxa2 Kh1 82. Nf1 Kg1 83. Qe2 Kh1 84. Kg4 Kg1 85. Kg3 Kh1 86. Qf3+ Kg1 87. Qg2# 1-0

[Event "*** Titled Tuesday Blitz"]
[Site "Chess.com"]
[Date "2020.01.07"]
[Round "2"]
[White "BIG_Pirate"]
[Black "Justmig"]
[Result "1-0"]
[WhiteElo "2424"]
[BlackElo "2688"]
[TimeControl "180+2"]
[EndTime "13:29:19 PST"]
[Termination "BIG_Pirate won on time"]

1. Nf3 d5 2. c4 d4 3. g3 Nc6 4. Bg2 e5 5. O-O e4 6. Ne1 h5 7. Bxe4 h4 8. Ng2 hxg3 9. fxg3 Nf6 10. Bf3 Ne5 11. d3 Nxf3+ 12. Rxf3 Bg4 13. Rf2 Qd7 14. Bg5 O-O-O 15. Nd2 Be7 16. Nf4 Ng8 17. Bxe7 Nxe7 18. Nf3 f6 19. Rc1 Nf5 20. Qb3 Ne3 21. Nd5 Bxf3 22. Nxe3 Bc6 23. Nd5 Bxd5 24. cxd5 Qxd5 25. Qxd5 Rxd5 26. Rc4 b6 27. b4 Rhd8 28. Rf4 Kb7 29. Rh4 Re5 30. Kf2 Rde8 31. Rc2 c5 32. bxc5 bxc5 33. Rh7 R8e7 34. Rh8 Kc6 35. Rc8+ Kd6 36. a4 Rc7 37. Rxc7 Kxc7 38. Rb2 Re6 39. Rb5 Rc6 40.
a5 a6 41. Rb2 Re6 42. Kf3 g6 43. h4 g5 44. Rb3 gxh4 45. gxh4 Re3+ 46. Kf2 c4 47. Rb6 c3 48. Rb4 Re5 49. Ke1 Rxa5 50.
Rxd4 Ra1+ 51. Kf2 Rc1 52. Rc4+ Kd6 53. h5 Ke6 54. Rc6+ Kf7 55. Rxa6 c2 56. Rc6 Kg7 57. Ke3 Rh1 58. Rxc2 Rxh5 59. Rc6 Kf7 60. Kd4 Ke7 61. e4 Rh3 62. Ra6 Rh1 63. Kd5 Rh5+ 64. Kd4 Rh1 65. Rb6 Rg1 66. Rb2 Rh1 67. Rg2 Ke6 68. Ra2 Rg1 69.
Ra6+ Ke7 70. Kc4 Rc1+ 71. Kd5 Rd1 72. Ra7+ Ke8 73. d4 Kf8 74. Kc5 Rc1+ 75. Kd5 Rd1 76.
Rd7 Ke8 77. Rh7 Kf8 78. Ra7 Ke8 79. Ke6 Kd8 80. Rd7+ 1-0

[Event "*** Titled Tuesday Blitz"]
[Site "Chess.com"]
[Date "2020.01.07"]
[Round "2"]
[White "penguingm1"]
[Black "JakubPulpan"]
[Result "0-1"]
[WhiteElo "3082"]
[BlackElo "2649"]
[TimeControl "180+2"]
[EndTime "13:29:37 PST"]
[Termination "JakubPulpan won by resignation"]

1. d4 Nf6 2. c4 e6 3. Nc3 Bb4 4. Qc2 O-O 5. Nf3 c5 6. dxc5 Na6 7. g3 Nxc5 8. Bg2 b6 9. O-O Bb7 10. Nb5 Be4 11. Qd1 Nb7 12. a3 Be7 13. Bf4 d6 14. Nc3 Bc6 15. b4 Rc8 16. Qb3 d5 17. cxd5 Nxd5 18.
Rad1 Qe8 19. Be5 Nxc3 20. Bxc3 Ba4 21. Qb2 Bxd1 22. Rxd1 f6 23. Nd4 Nd8 24. Qb3 Kh8 25.
Bb2 e5 26. Nf5 g6 27. Ne3 Nf7 28. Nd5 Bd8 29. Bh3 Rc6 30. b5 Rd6 31. a4 Ng5 32. Bg4 Ne4 33. Qc4 Nc5 34. f4 exf4 35. Qxf4 Be7 36.
Rf1 Rxd5 37. Qc4 Rd6 38. e4 Bd8 39. e5 fxe5 40. Bxe5+ Rdf6 41. Qd5 Kg7 42. Re1 Qf7 43.
Qd4 h5 44. Bh3 Kh7 45. g4 h4 46. g5 Rf4 47. Bxf4 Qxf4 48. Qd1 Qf2+ 49. Kh1 Qf3+ 50.
Qxf3 Rxf3 51. Re8 Rxh3 52. Rxd8 Ra3 53. Rc8 Rxa4 54. Rc7+ Kg8 55. Kg2 Ne4 56. Rc6 Kf7 57.
Rc7+ Ke6 58. Rh7 Nxg5 59. Rg7 h3+ 60. Kg3 Kf6 61. Rc7 Ra3+ 62. Kh4 Nf3+ 63. Kxh3 Nd4+ 64. Kg4 Nxb5 65. Rc6+ Kg7 66. Kg5 Nd4 67. Rxg6+ Kf7 68. Rh6 Ra5+ 69. Kf4 Ne6+ 70. Ke4 Ra2 71. Kd5 b5 72. Rh7+ Ng7 73. Kc5 a6 74. Rh6 Ne6+ 75. Kb4 Ra4+ 76. Kc3 Ke7 77. h4 Kd6 78. h5 Rh4 79. Rh8 Nc5 80. h6 Nd7 81. h7 a5 82.
Kb3 Rh3+ 83. Kb2 a4 84. Ka2 b4 85. Ra8 Rxh7 86. Rxa4 Rh2+ 87. Kb1 Kc5 88. Ra5+ Kc4 89. Rg5 Nc5 90. Rg4+ Kc3 91. Rg3+ Nd3 92. Rg1 b3 93. Rf1 Re2 0-1

[Event "*** Titled Tuesday Blitz"]
[Site "Chess.com"]
[Date "2020.01.07"]
[Round "2"]
[White "TwentyHourADay"]
[Black "wadsy27"]
[Result "1/2-1/2"]
[WhiteElo "2210"]
[BlackElo "2464"]
[TimeControl "180+2"]
[EndTime "13:29:49 PST"]
[Termination "Game drawn by repetition"]

1. e4 e6 2. Nf3 d5 3. e5 c5 4.
b4 d4 5. Bd3 Nc6 6. bxc5 Bxc5 7. Na3 Nge7 8. h4 Ng6 9. Nc4 Qd5 10. Qe2 Nf4 11. Qe4 Nxg2+ 12. Kf1 Qxe4 13. Bxe4 Nf4 14. d3 Nd5 15. Nd6+ Bxd6 16. exd6 Ndb4 17. Rg1 g6 18. Bb2 e5 19. a3 f5 20. Bxc6+ Nxc6 21. Nxe5 Nxe5 22.
Re1 Kd7 23. Rxe5 Kxd6 24. Bxd4 Bd7 25. c4 Rhe8 26. f4 Bc6 27. h5 Rad8 28. hxg6 hxg6 29. Rxg6+ Kc7 30. Rg7+ Kc8 31. Rxe8 Bxe8 32. Re7 Rxd4 33. Rxe8+ Kd7 34. Re3 Rxf4+ 35. Ke2 Kd6 36. Kd2 Rf2+ 37. Kc3 f4 38. Re8 Rf1 39. Kd4 f3 40. c5+ Kd7 41. Rf8 f2 42. Rf3 Kc6 43. a4 a5 44.
Rf6+ Kd7 45. Rf3 Ke6 46. Rf4 Ra1 47. Rxf2 Rxa4+ 48. Kc3 Kd5 49. Rf5+ Kc6 50. d4 Ra1 51. Rf6+ Kc7 52. Kc4 a4 53. Rf7+ Kc8 54. d5 a3 55.
Rf8+ Kd7 56. Rf7+ Ke8 57. Rxb7 a2 58. Rb8+ Ke7 59. d6+ Kd7 60. Rb7+ Kc8 61. c6 Rc1+ 62. Kd5 Rd1+ 63. Ke6 Re1+ 64. Kd5 Rd1+ 65. Ke6 Rxd6+ 66.
Kxd6 a1=Q 67. Rc7+ Kb8 68. Rb7+ Ka8 69. Kc7 Qd4 70.
Rb8+ Ka7 71. Rb7+ Ka6 72. Rb8 Qe5+ 73. Kc8 Qe8+ 74. Kc7 Qe7+ 75. Kc8 Qe5 76. Rb7 Qe4 77. Kc7 Qe6 78. Rb6+ Ka7 79. Rb7+ Ka8 80. Rb8+ Ka7 81.
Rb7+ Ka6 82. Rb6+ Ka5 83. Rb7 Qe7+ 84. Kc8 Qe6+ 85. Kc7 Qe5+ 86. Kc8 Ka6 87. Rb8 Qe8+ 88. Kc7 Qe4 89. Rb7 Qd5 90. Rb8 Qe6 91. Rb6+ 1/2-1/2

[Event "*** Titled Tuesday Blitz"]
[Site "Chess.com"]
[Date "2020.01.07"]
[Round "2"]
[White "mersad_98"]
[Black "volcanoexplorer"]
[Result "1/2-1/2"]
[WhiteElo "2750"]
[BlackElo "2548"]
[TimeControl "180+2"]
[EndTime "13:30:21 PST"]
[Termination "Game drawn by agreement"]

1. e4 e5 2. Nf3 Nc6 3. Bb5 a6 4. Ba4 Nf6 5. O-O Be7 6. Re1 b5 7. Bb3 O-O 8. c3 d6 9. h3 Nb8 10. d4 Nbd7 11. Nbd2 c5 12. Nf1 Qc7 13. Ng3 Rd8 14.
Nf5 Bf8 15. Bg5 h6 16. Bh4 c4 17. Bc2 g6 18. Ne3 Re8 19. d5 Bg7 20. Qd2 Nc5 21. Bxf6 Bxf6 22. Ng4 Bxg4 23. hxg4 Kg7 24. b4 cxb3 25.
axb3 Rec8 26. g3 a5 27. Kg2 a4 28. bxa4 bxa4 29. Rh1 g5 30. Ra2 Nb3 31. Bxb3 axb3 32. Rxa8 Rxa8 33. Rb1 Qc4 34. Qe3 Rb8 35. Nd2 Qa4 36.
c4 b2 37. Qc3 Bd8 38. Rxb2 Ba5 39. Qc2 Qxc2 40. Rxc2 Bxd2 41. Rxd2 Rc8 42. Rc2 Kf6 43. Kf3 Ke7 44. Ke3 Kd7 45. Kd3 Ra8 46. c5 dxc5 47. Rxc5 Ra3+ 48. Ke2 Ra2+ 49. Kf3 Ra3+ 50. Kg2 Ra4 51. Kf3 Ra3+ 52. Ke2 Ra2+ 53. Ke3 Ra3+ 54.
Kd2 Ra2+ 55. Rc2 Ra4 56. Kd3 Ra3+ 57. Rc3 Ra2 58. Ke3 Ra4 59. Rc6 Ra3+ 60. Ke2 Ra2+ 61. Kf3 Ra3+ 62. Kg2 Ra4 63. Kf3 Ra3+ 64. Ke2 Ra2+ 65.
Ke1 Ra1+ 66. Kd2 Ra2+ 67. Rc2 Ra4 68. Kd3 Ra3+ 69. Rc3 Ra2 70. Ke3 Ra4 71. f4 gxf4+ 72. gxf4 exf4+ 73. Kxf4 Ra1 74. Ke5 Rg1 75. Rf3 Ke8 76. Rf4 Ra1 77. Kf6 Ra6+ 78. Kf5 Ra1 79. Rf2 Ra6 80. Rb2 Ke7 81. Rb7+ Ke8 82. e5 Rg6 83. e6 Rg5+ 84. Kf6 Rg6+ 85. Ke5 fxe6 86. Rb8+ Kd7 87. dxe6+ Rxe6+ 88. Kf5 Rc6 89. Rh8 Ke7 90. Rh7+ Kf8 91. Rd7 Kg8 92. Rd5 Kg7 93. Re5 Rf6+ 94.
Ke4 Kg6 95. Ra5 Re6+ 96. Kf4 Rf6+ 97. Kg3 Rb6 98. Kh4 Rf6 99. Ra8 Rb6 100. Rg8+ Kh7 101. Rd8 Kg6 102. Rc8 Rf6 103. Rc5 Re6 104. Rc4 Rf6 105. Re4 Rb6 106. Rf4 Rf6 1/2-1/2

[Event "*** Titled Tuesday Blitz"]
[Site "Chess.com"]
[Date "2020.01.07"]
[Round "3"]
[White "Philosopherrr"]
[Black "TwentyHourADay"]
[Result "1-0"]
[WhiteElo "2453"]
[BlackElo "2207"]
[TimeControl "180+2"]
[EndTime "13:32:51 PST"]
[Termination "Philosopherrr won by resignation"]

1. e4 e5 2. Nf3 Nc6 3. Bb5 a6 4. Ba4 Nf6 5. O-O Be7 6. Re1 b5 7. Bb3 d6 8. c3 O-O 9. h3 Bb7 10. d4 Qd7 11. Nbd2 Rae8 12. a4 h6 13. axb5 axb5 14.
d5 Nd8 15. c4 bxc4 16. Nxc4 Nh7 17. Na5 c6 18. Nxb7 Qxb7 19. dxc6 Qxc6 20. Ba4 1-0

[Event "*** Titled Tuesday Blitz"]
[Site "Chess.com"]
[Date "2020.01.07"]
[Round "3"]
[White "Martins-BR"]
[Black "esteban062000"]
[Result "1-0"]
[WhiteElo "2321"]
[BlackElo "2065"]
[TimeControl "180+2"]
[EndTime "13:33:02 PST"]
[Termination "Martins-BR won by resignation"]

1. e4 c5 2. Nf3 g6 3. d4 cxd4 4. Nxd4 Nc6 5. Nc3 Bg7 6. Be3 Nf6 7. Nxc6 bxc6 8. e5 Ng8 9. Bd4 Qa5 10. Bc4 Rb8 11. O-O Bxe5 12. Re1 Bxd4 13. Qxd4 e5 14. Rxe5+ 1-0

[Event "*** Titled Tuesday Blitz"]
[Site "Chess.com"]
[Date "2020.01.07"]
[Round "3"]
[White "OparinGrigoriy"]
[Black "guillembaches"]
[Result "1-0"]
[WhiteElo "3036"]
[BlackElo "2288"]
[TimeControl "180+2"]
[EndTime "13:33:14 PST"]
[Termination "OparinGrigoriy won by resignation"]

1. Nf3 Nf6 2. g3 d5 3. Bg2 e6 4.
O-O Be7 5. c4 c5 6. cxd5 Nxd5 7.
d4 cxd4 8. Nxd4 O-O 9. b3 Bd7 10.
Bb2 Nc6 11. Na3 Nxd4 12. Qxd4 Bf6 13. Qd2 Bxb2 14. Qxb2 Bc6 15. Nc4 Qe7 16. Ne5 Rfc8 17. Rfd1 Qf6 18. Rab1 Ne7 19. Nxc6 Qxb2 20. Nxe7+ 1-0

[Event "*** Titled Tuesday Blitz"]
[Site "Chess.com"]
[Date "2020.01.07"]
[Round "3"]
[White "shanemelaughcm"]
[Black "RaunakSadhwani2005"]
[Result "0-1"]
[WhiteElo "2278"]
[BlackElo "2736"]
[TimeControl "180+2"]
[EndTime "13:33:22 PST"]
[Termination "RaunakSadhwani2005 won by resignation"]

1. c4 Nf6 2. Nc3 g6 3. d4 Bg7 4. e4 d6 5. Be2 O-O 6. Be3 c5 7.
dxc5 dxc5 8. Qxd8 Rxd8 9. Bxc5 Nc6 10. Nf3 Bg4 11. O-O Rac8 12. Rfd1 Rxd1+ 13. Rxd1 b6 14. Ba3 Nd7 15. Nd5 Nc5 16. Bxc5 bxc5 17. b3 e6 18. Nc3 Bxc3 19. Nd4 Bxd4 20. Bxg4 a5 21. Kf1 a4 22. f3 axb3 23. axb3 Rb8 24. Rb1 Na5 0-1

[Event "*** Titled Tuesday Blitz"]
[Site "Chess.com"]
[Date "2020.01.07"]
[Round "3"]
[White "FredyMatsuura"]
[Black "Pilopa"]
[Result "0-1"]
[WhiteElo "2232"]
[BlackElo "2547"]
[TimeControl "180+2"]
[EndTime "13:33:26 PST"]
[Termination "Pilopa won by resignation"]

1. d4 Nf6 2. c4 c5 3. d5 b5 4. Nf3 g6 5. a4 b4 6. Nbd2 Bg7 7. e4 d6 8. Bd3 O-O 9. h3 e5 10. dxe6 Bxe6 11. Ng5 Bd7 12. f4 Nh5 13. O-O Nxf4 14. Rxf4 Qxg5 15. Rf1 Bxh3 16. Qf3 Bg4 17. Qf4 Bd4+ 18.
Kh1 Qh4+ 19. Qh2 Qxh2+ 20. Kxh2 Nc6 0-1

[Event "*** Titled Tuesday Blitz"]
[Site "Chess.com"]
[Date "2020.01.07"]
[Round "3"]
[White "AlexTriapishko"]
[Black "Mikasinski"]
[Result "1-0"]
[WhiteElo "2809"]
[BlackElo "2283"]
[TimeControl "180+2"]
[EndTime "13:33:44 PST"]
[Termination "AlexTriapishko won by resignation"]

1. Nf3 Nf6 2. g3 g6 3. b3 Bg7 4. Bb2 O-O 5. Bg2 d6 6. d4 c5 7. c4 cxd4 8. Nxd4 a6 9. O-O Qc7 10. Nc3 e6 11. Rc1 Rd8 12. e3 Bd7 13. Qd2 Nc6 14.
Nd5 exd5 15. cxd5 Qa5 16. Bc3 Qb6 17. dxc6 bxc6 18. Ba5 Qb7 19. Nxc6 d5 1-0

[Event "*** Titled Tuesday Blitz"]
[Site "Chess.com"]
[Date "2020.01.07"]
[Round "3"]
[White "Dhaydon19"]
[Black "Er_is_geen_hoop_meer"]
[Result "0-1"]
[WhiteElo "2684"]
[BlackElo "2416"]
[TimeControl "180+2"]
[EndTime "13:33:56 PST"]
[Termination "Er_is_geen_hoop_meer won by resignation"]

1. d4 f5 2. Bg5 h6 3. Bh4 g5 4.
Bg3 Nf6 5. e3 Bg7 6. Be5 d6 7.
Bxf6 Bxf6 8. Qh5+ Kf8 9. Bc4 d5 10. Bd3 c5 11. c3 Nc6 12. h4 Qb6 13. Nd2 Qxb2 14. Rb1 Qxc3 15. Ke2 c4 16. Bxc4 dxc4 17. Ngf3 Qd3+ 18. Kd1 c3 19. Rb3 Be6 20. hxg5 Bxb3+ 21.
axb3 hxg5 22. Qxh8+ Bxh8 23. Rxh8+ Kg7 24. Rxa8 g4 0-1

[Event "*** Titled Tuesday Blitz"]
[Site "Chess.com"]
[Date "2020.01.07"]
[Round "3"]
[White "VincentKeymer"]
[Black "nubair1198"]
[Result "1-0"]
[WhiteElo "2690"]
[BlackElo "2911"]
[TimeControl "180+2"]
[EndTime "13:34:00 PST"]
[Termination "VincentKeymer won by resignation"]

1. Nf3 d5 2. e3 Nf6 3. c4 c6 4. d4 Bg4 5. h3 Bh5 6. Qb3 Qb6 7. Nc3 e6 8. Nh4 Nbd7 9. g4 Bg6 10. Nxg6 hxg6 11.
Bg2 g5 12. Bd2 Be7 13. cxd5 exd5 14. Qc2 Nf8 15. O-O-O O-O-O 16. h4 Rxh4 17. Rxh4 gxh4 18. g5 N6d7 19. Nxd5 Qa6 20. Nxe7+ Kb8 21. Kb1 Qe2 22. Bb4 Qg4 23. Nxc6+ bxc6 24. Bd6+ 1-0

[Event "*** Titled Tuesday Blitz"]
[Site "Chess.com"]
[Date "2020.01.07"]
[Round "3"]
[White "JozefKneht"]
[Black "Zavgorodniy_Serg"]
[Result "1-0"]
[WhiteElo "2418"]
[BlackElo "2598"]
[TimeControl "180+2"]
[EndTime "13:34:00 PST"]
[Termination "JozefKneht won by resignation"]

1. e4 e5 2. Nf3 d6 3. d4 exd4 4.
Nxd4 Nf6 5. Nc3 Be7 6. Be2 O-O 7. O-O Re8 8. f4 c5 9. Nf3 Bf8 10. e5 dxe5 11. Qxd8 Rxd8 12. fxe5 Nd5 13. Nxd5 Rxd5 14. Bc4 Be6 15. Bxd5 Bxd5 16. Rd1 Bxf3 17. gxf3 Nc6 18.
f4 Nd4 19. c3 Nf5 20. Kf2 c4 21. Be3 b5 22. Rd7 a5 23. Rad1 Be7 24. Rb7 b4 25. Rdd7 Kf8 26. Rxe7 Nxe7 27. Bc5 Re8 28. cxb4 1-0

[Event "*** Titled Tuesday Blitz"]
[Site "Chess.com"]
[Date "2020.01.07"]
[Round "3"]
[White "masrahi"]
[Black "lupta_robin"]
[Result "0-1"]
[WhiteElo "1995"]
[BlackElo "2528"]
[TimeControl "180+2"]
[EndTime "13:34:00 PST"]
[Termination "lupta_robin won by checkmate"]

1. e4 g6 2. d4 Nf6 3. Nc3 d5 4.
e5 Ne4 5. Nxe4 dxe4 6. Qe2 Qxd4 7. e6 Bxe6 8. Qb5+ Nc6 9. Qxb7 Qb4+ 10. Qxb4 Nxb4 11. Kd2 O-O-O+ 12. Kc3 a5 13. Bc4 Bg7+ 14. Kb3 Bxc4+ 15. Kxc4 Rd4+ 16. Kb3 a4+ 17. Kc3 Nd5# 0-1

[Event "*** Titled Tuesday Blitz"]
[Site "Chess.com"]
[Date "2020.01.07"]
[Round "3"]
[White "Gareth-Bale11"]
[Black "Gogolev_Artemy"]
[Result "1-0"]
[WhiteElo "2723"]
[BlackElo "2448"]
[TimeControl "180+2"]
[EndTime "13:34:03 PST"]
[Termination "Gareth-Bale11 won by resignation"]

1. d4 Nf6 2. c4 e6 3. Nf3 d5 4. Nc3 Bb4 5. Bg5 c5 6. cxd5 exd5 7. e3 h6 8. Bxf6 Qxf6 9. Qb3 Be6 10. dxc5 Nc6 11. Bb5 Bxc5 12. O-O O-O 13. Qa4 d4 14. Ne4 Qe5 15. Nxe5 1-0

[Event "*** Titled Tuesday Blitz"]
[Site "Chess.com"]
[Date "2020.01.07"]
[Round "3"]
[White "szefru"]
[Black "Elyon2000"]
[Result "1-0"]
[WhiteElo "2138"]
[BlackElo "2328"]
[TimeControl "180+2"]
[EndTime "13:34:09 PST"]
[Termination "szefru won by resignation"]

1. b3 e5 2. Bb2 Nc6 3. g3 Nf6 4. Bg2 d5 5. e3 Bd6 6. Ne2 O-O 7. O-O h5 8. h4 Bg4 9. f3 Bf5 10. d3 Qd7 11. Kh2 Rfe8 12. e4 Be6 13. Nd2 Rad8 14. a3 Bc5 15. b4 Bb6 16. b5 Nd4 17. Nxd4 exd4 18. e5 Nh7 19. a4 Bf5 20. Re1 Nf8 21. Nb3 Ng6 22. a5 Qxb5 23. axb6 axb6 24. Bxd4 c5 25. Bf2 d4 26. f4 Bg4 27. Bf3 Bxf3 28.
Qxf3 1-0

[Event "*** Titled Tuesday Blitz"]
[Site "Chess.com"]
[Date "2020.01.07"]
[Round "3"]
[White "Quiet_Desperation"]
[Black "machinegun1"]
[Result "1-0"]
[WhiteElo "2374"]
[BlackElo "2554"]
[TimeControl "180+2"]
[EndTime "13:34:53 PST"]
[Termination "Quiet_Desperation won by resignation"]

1. d4 Nf6 2. c4 e6 3. Nf3 d5 4.
Nc3 c5 5. cxd5 cxd4 6. Qxd4 Nxd5 7. e4 Nc6 8. Bb5 Nxc3 9. Qxc3 Bd7 10. O-O Rc8 11.
Rd1 Qf6 12. e5 Qe7 13. Bg5 Qc5 14. Qd3 Rc7 15. Rac1 Qb6 16. Be3 Qa5 17. a3 a6 18.
Bxc6 bxc6 19. Rxc6 Be7 20. Bb6 Qd5 21. Rxc7 1-0

[Event "*** Titled Tuesday Blitz"]
[Site "Chess.com"]
[Date "2020.01.07"]
[Round "3"]
[White "ural58"]
[Black "liczner"]
[Result "0-1"]
[WhiteElo "2362"]
[BlackElo "2794"]
[TimeControl "180+2"]
[EndTime "13:34:57 PST"]
[Termination "liczner won by resignation"]

1. Nc3 d5 2. d4 Nf6 3. Bf4 Bf5 4.
f3 Bg6 5. h4 e6 6. g4 h6 7. e3 Bd6 8. Nh3 Nc6 9. Bxd6 Qxd6 10.
Nf4 Bh7 11. g5 Ng8 12. g6 Bxg6 13. Rg1 Nge7 14. h5 Bh7 15. Rxg7 Nf5 16. Rxh7 Rxh7 17. Bd3 Nxe3 18. Qd2 Qxf4 19. Bxh7 Nxd4 20. Ne2 Qh4+ 0-1

[Event "*** Titled Tuesday Blitz"]
[Site "Chess.com"]
[Date "2020.01.07"]
[Round "3"]
[White "crazy_machine"]
[Black "Glufs"]
[Result "1-0"]
[WhiteElo "2645"]
[BlackElo "2355"]
[TimeControl "180+2"]
[EndTime "13:35:03 PST"]
[Termination "crazy_machine won by resignation"]

1. e4 c6 2. d4 d5 3. e5 Bf5 4.
Bd3 Bxd3 5. Qxd3 e6 6. Nf3 c5 7.
c3 Nc6 8. O-O Nge7 9. Nbd2 Nf5 10. Rd1 Be7 11. Nf1 O-O 12. Ng3 Nxg3 13. hxg3 f6 14. exf6 Bxf6 15. dxc5 a5 16. Bf4 Re8 17. Bd6 b6 18. Nd4 Rc8 19. Qb5 Nxd4 20. cxd4 bxc5 21.
dxc5 h6 22. a3 d4 23. b4 axb4 24. axb4 e5 25. Ra7 Be7 26. Rd7 1-0

[Event "*** Titled Tuesday Blitz"]
[Site "Chess.com"]
[Date "2020.01.07"]
[Round "3"]
[White "wannabe2700"]
[Black "Manukyan_Artak"]
[Result "1-0"]
[WhiteElo "2764"]
[BlackElo "2479"]
[TimeControl "180+2"]
[EndTime "13:35:09 PST"]
[Termination "wannabe2700 won by resignation"]

1. b3 Nf6 2. Bb2 g6 3. Nf3 Bg7 4. g3 O-O 5. Bg2 c5 6. c4 Nc6 7. O-O b6 8. d4 cxd4 9. Nxd4 Bb7 10. Nc3 a6 11. Nd5 Nxd5 12. cxd5 Nxd4 13. Bxd4 d6 14.
Bxg7 Kxg7 15. Qd4+ f6 16. Rac1 Rc8 17. Rxc8 Bxc8 18.
Rc1 Bd7 19. e4 Qb8 20. Bf1 a5 21. Ba6 Qa7 22. Qd3 h5 23. h4 Kf7 24. Kg2 Ra8 25. Bb5 Bxb5 26. Qxb5 Qa6 27. Qd7 Ra7 28. Qe6+ Kg7 29.
Rc8 Ra8 30. Qg8+ 1-0

[Event "*** Titled Tuesday Blitz"]
[Site "Chess.com"]
[Date "2020.01.07"]
[Round "3"]
[White "Ar4uha"]
[Black "Korona_91"]
[Result "1-0"]
[WhiteElo "2600"]
[BlackElo "2373"]
[TimeControl "180+2"]
[EndTime "13:35:11 PST"]
[Termination "Ar4uha won by resignation"]

1. e4 e6 2. c4 d5 3. exd5 exd5 4. cxd5 Nf6 5. Bb5+ c6 6. dxc6 bxc6 7. Bc4 Bc5 8.
Nf3 O-O 9. O-O Bg4 10. Nc3 Nbd7 11. d4 Bxf3 12. Qxf3 Bxd4 13. Bb3 Ne5 14. Qg3 Ng6 15. Bg5 h6 16. Bxh6 Nd5 17. Nxd5 cxd5 18. Rad1 Be5 19. f4 Bxb2 20. Rxd5 Qb6+ 21. Kh1 gxh6 22. f5 Kh7 23. Rd6 Qc5 24. fxg6+ Kh8 25. gxf7 Bg7 26. Qg6 Rad8 27. Rxd8 Rxd8 28. Bc2 1-0

[Event "*** Titled Tuesday Blitz"]
[Site "Chess.com"]
[Date "2020.01.07"]
[Round "3"]
[White "Alohamora11"]
[Black "Moon_stone123"]
[Result "0-1"]
[WhiteElo "2400"]
[BlackElo "2102"]
[TimeControl "180+2"]
[EndTime "13:35:13 PST"]
[Termination "Moon_stone123 won by resignation"]

1. e4 c5 2. Nf3 d6 3. d4 cxd4 4. Nxd4 Nf6 5. Nc3 g6 6. g3 Nc6 7. Bg2 Nxd4 8. Qxd4 Bg7 9. Bg5 O-O 10. Qd2 Be6 11. O-O Rc8 12. Bh6 Re8 13. Bxg7 Kxg7 14. Nd5 Bxd5 15. exd5 Qc7 16. c3 Qc4 17. Rfd1 b5 18.
Qd4 Qxd4 19. Rxd4 Rc5 20. a4 bxa4 21. Raxa4 Rb8 22. Rd2 Rb7 23. c4 Nd7 24. Bf1 a5 25. Ra3 Ne5 26. b3 Nf3+ 27. Kg2 Nxd2 0-1

[Event "*** Titled Tuesday Blitz"]
[Site "Chess.com"]
[Date "2020.01.07"]
[Round "3"]
[White "chito89"]
[Black "Hikaru"]
[Result "0-1"]
[WhiteElo "2713"]
[BlackElo "3136"]
[TimeControl "180+2"]
[EndTime "13:35:22 PST"]
[Termination "Hikaru won by resignation"]

1. d4 e6 2. Nf3 Nf6 3. c4 d5 4. g3 Be7 5. Bg2 O-O 6. O-O dxc4 7. Qc2 a6 8. a4 Bd7 9. Rd1 Bc6 10. Nc3 Bxf3 11.
Bxf3 Nc6 12. Bxc6 bxc6 13. Bg5 Rb8 14. Bxf6 Bxf6 15. e3 c5 16. Ne4 cxd4 17. Nxf6+ Qxf6 18. Rxd4 c5 19. Rd2 Rb4 20. Rad1 a5 21. Qc3 Rxa4 22.
Rd6 Rb4 23. Rc6 Rxb2 24. Qxf6 gxf6 25. Rxc5 a4 26. Ra1 Ra8 0-1